 Dungeon Crawl Stone Soup version 0.32-a0-841-g4648e6c457 (webtiles) character file.

Game seed: 10755940448528962333

127 ezpacito the Chopper (level 5, -1/41 HPs)
             Began as a Coglin Chaos Knight on Mar 26, 2024.
             Was a Plaything of Xom.
             Succumbed to Crazy Yiuf's poison
             ... on level 2 of the Dungeon.
             The game lasted 00:03:48 (1575 turns).

ezpacito the Chopper (Coglin Chaos Knight)          Turns: 1575, Time: 00:03:48

Health: -1/41      AC: 10    Str: 13    XL:     5   Next: 11%
Magic:  5/5        EV:  6    Int: 16    God:    Xom [..*...]
Gold:   86         SH:  0    Dex: 12    Spells: 5/5 levels left

rFire   . . .        a - +0 hand axe (chaos) {Thabo}
rCold   . . .        m - +2 trident (heavy) {Aula}
rNeg    . . .        n - +0 chain mail
rPois   .            i - +0 helmet
rElec   .            (no cloak)
rCorr   .            (no gloves)
SInv    .            (no boots)
Will    .....        (amulet unavailable) Stlth
                     (ring unavailable)
HPRegen 0.26/turn    (ring unavailable)
MPRegen 0.09/turn    (no gizmo)

%: no passive effects
@: lethally poisoned (-1 -> -19), revving
A: off-hand wielding, slow wielding, warmup strikes, no jewellery, clever 1
a: Invent Gizmo, Renounce Religion


You were on level 2 of the Dungeon.
You worshipped Xom.
You were a toy of Xom.
You visited 1 branch of the dungeon, and saw 2 of its levels.

You collected 86 gold pieces.

Inventory:

Hand Weapons
 a - a +0 hand axe of chaos (weapon) {Thabo}
 m - a +2 heavy trident (offhand) {Aula}
Armour
 i - a +0 helmet (worn)
 n - a +0 chain mail (worn)
Scrolls
 c - a scroll of butterflies
 d - a scroll of amnesia {unknown}
 e - a scroll of enchant armour {unknown}
 f - a scroll of brand weapon {unknown}
 g - a scroll of immolation
 h - a scroll of silence {unknown}
 j - 2 scrolls of identify {unknown}
 l - 2 scrolls of poison {unknown}
 o - a scroll of enchant weapon {unknown}


   Skills:
 * Level 3.5 Fighting
 * Level 3.5(3.7) Axes
 + Level 1.2(2.3) Polearms
 * Level 2.6 Armour
 * Level 1.8 Dodging
 + Level 1.0 Stealth
 + Level 0.5 Spellcasting


You had 5 spell levels left.
You didn't know any spells.
Your spell library was empty.

Dungeon Overview and Level Annotations

Branches:
Dungeon (2/15)

Altars:

Annotations:
D:2 Crazy Yiuf, Natasha


Innate Abilities, Weirdness & Mutations

You can wield a second weapon in your off-hand.
It takes a long time for you to wield or remove held weapons.
Your first few attacks do less damage.
You cannot equip rings or amulets.
Your mind is acute. (Int +4, Str/Dex -1)


Message History

Failed to move towards target.
Failed to move towards target.
Failed to move towards target.
Failed to move towards target.
Failed to move towards target.
Could not explore, unopened runed door.
You open the door.
Crazy Yiuf zaps a wand.
Space twists violently!
The rupture engulfs you!
You blink.
Natasha casts a spell.
You take 12 damage, and have 29/41 hp.
MASSIVE DAMAGE!!
It was a potion of mutation.
You feel extremely strange.
You feel clever.
Xom is mildly amused.
The cerulean imp hits you but does no damage.
It was a potion of magic.
Magic courses through your body.
Crazy Yiuf hits you with a +3 quarterstaff of chaos.
Crazy Yiuf burns you. Natasha claws you. The cerulean imp closely misses you.
You take 6 damage, and have 24/41 hp.
You hit Crazy Yiuf but do no damage.
You miss Natasha with your +0 hand axe of chaos.
You closely miss Crazy Yiuf with your +2 heavy trident.
Crazy Yiuf hits you with a +3 quarterstaff of chaos!
* * * LOW HITPOINT WARNING * * *
You are lethally poisoned!
Natasha barely misses you.
The cerulean imp hits you but does no damage.
Crazy Yiuf hits you with a +3 quarterstaff of chaos!
* * * LOW HITPOINT WARNING * * *
You convulse.
* * * LOW HITPOINT WARNING * * *
Natasha wildly gestures.
Natasha's front paws start to glow.
Natasha claws you but does no damage.
You take 20 damage, and have 4/41 hp.
MASSIVE DAMAGE!!
You hit Crazy Yiuf but do no damage.
You hit Natasha with your +0 hand axe of chaos.
Natasha is poisoned.
You hit Crazy Yiuf with your +2 heavy trident.
You die...
Xom bursts into laughter!

♣♣.♣♣
##.########
♣.♣♣
#..........
♣♣.♣
#....######
♣.♣♣
#.......#
♣♣.♣
#....##.###
##'##
#....##....
#...#
##.####..##
#### #gh.#
#.# #..#
#..# #@.5#
##.## #..##
#.## #####
#.>.###..##
#..#
#..........
#.<#
##...###..##
#..#
#.#)####..##
#..#
#.#.........
#..#
#.######..##
#..# #.#
#..## #..#
#.# #....


You could see Crazy Yiuf, Natasha (very poisoned) and a cerulean imp (summoned).

Vanquished Creatures
  Terence (D:2)
  Natasha (twice) (D:2)
  3 dart slugs
  A ribbon worm (D:2)
  4 ball pythons
  5 bats (D:1)
  3 endoplasms (D:2)
  2 giant cockroaches (D:1)
  4 hobgoblins (D:1)
  5 kobolds
  3 quokkas (D:1)
  2 frilled lizards
  5 goblins
  3 rats (D:1)
43 creatures vanquished.

Notes
Turn   | Place    | Note
-------+----------+-------------------------------------------
     0 | D:1      | ezpacito the Coglin Chaos Knight began the quest for the
                  | Orb.
     0 | D:1      | Reached XP level 1. HP: 18/18 MP: 1/1
    28 | D:1      | Reached skill level 1 in Dodging
    98 | D:1      | Found a faded altar of an unknown god.
   127 | D:1      | Reached XP level 2. HP: 20/24 MP: 2/2
   452 | D:1      | XOM: divination: detect creatures
   458 | D:1      | Reached XP level 3. HP: 29/29 MP: 3/3
   814 | D:1      | XOM: silly message
   853 | D:1      | XOM: divination: detect creatures
   901 | D:2      | Noticed Terence
   908 | D:2      | Killed Terence
   909 | D:2      | Reached XP level 4. HP: 28/35 MP: 4/4
  1144 | D:2      | Reached skill level 1 in Polearms
  1154 | D:2      | Noticed Natasha
  1155 | D:2      | XOM: silly message
  1164 | D:2      | Killed Natasha
  1218 | D:2      | Noticed Natasha
  1224 | D:2      | Killed Natasha
  1225 | D:2      | Reached XP level 5. HP: 41/41 MP: 5/5
  1243 | D:2      | Reached skill level 1 in Stealth
  1392 | D:2      | Identified the +0 hammer "Qenleck" {antimagic, rF- rCorr
                  | Str+3 Int+2}
  1393 | D:2      | Identified the +5 hammer of Ancient Evil {vamp, Dex+5}
  1398 | D:2      | Found a runed translucent door.
  1399 | D:2      | Noticed Crazy Yiuf
  1399 | D:2      | Noticed Natasha
  1572 | D:2      | Gained mutation: Your mind is acute. (Int +4, Str/Dex -1)
                  | [potion of mutation]
  1575 | D:2      | Succumbed to Crazy Yiuf's poison

Illustrated notes

Levels and vault maps discovered:
D:1:      wander_arrival_lonely_grave, layout_basic,
          hellmonk_ecumenical_altar_blasted, chequers_serial_rivers_small_3
D:2:      layout_loops_ring, uniq_natasha, uniq_terence, uniq_crazy_yiuf_cottage

Skill      XL: |  1  2  3  4  5 |
---------------+----------------+-----
Dodging        | 1 |  1.8
Armour         | 2 |  2.6
Polearms       | 1 |  1.2
Stealth        | 1 |  1.0
Fighting       | |  3.5
Axes           | |  3.5
Spellcasting   | |  0.5

Action                     |  1- 3 |  4- 6 || total
---------------------------+-------+-------++-------
  Melee: Hand axe          |    66 |    15 ||    81
         Dagger            |    61 |       ||    61
         Trident           |       |    27 ||    27
    Use: Potion            |       |     2 ||     2
   Stab: Sleeping          |     1 |       ||     1
         Confused          |     1 |       ||     1
 Armour: Leather armour    |    47 |       ||    47
         Chain mail        |       |    22 ||    22
  Dodge: Dodged            |    42 |     6 ||    48

Table legend: (Time is in decaauts)
 A = Elapsed time spent in this place.
 B = Non-inter-level travel time spent in this place.
 C = Inter-level travel time spent in this place.
 D = Time resting spent in this place.
 E = Time spent auto-exploring this place.
 F = Levels seen in this place.
 G = Mean time per level.
                   A        B        C        D        E       F      G
               +--------+--------+--------+--------+--------+-----+--------+
         Total |   1598 |   1564 |     34 |      0 |   1284 |   2 |  799.0 |
       Dungeon |   1598 |   1564 |     34 |      0 |   1284 |   2 |  799.0 |
               +--------+--------+--------+--------+--------+-----+--------+

Top non-repeatable levels by time:
     D:1: 893 daAuts
     D:2: 704 daAuts
